[Event "MČR juniorů a juniorek v rapid šachu 2023"]
[Site "Czech Republic"]
[Date "2023.09.23"]
[Round "3.15"]
[White "Vilimek, Vit"]
[Black "Housa, Vojtech"]
[Result "1-0"]
[TimeControl "20 min + 5 sec per move"]
[WhiteFideId "23718218"]
[BlackFideId "23736364"]
[WhiteElo "1898"]
[BlackElo "1539"]

1. e4 c5 2. b4 cxb4 3.
a3 e6 4. axb4 Bxb4 5. c3 Be7 6. d4 b6 7. Bd3 Bb7 8.
f4 d6 9.
Nf3 Nf6 10. Qe2 Qc7 11. O-O O-O 12. Ra2 Nbd7 13. h3 h5 14. Ng5 g6 15. f5 exf5 16. exf5 Qc6 17. fxg6 fxg6 18. Bxg6 Kg7 19.
Bxh5 Nxh5 20. Qxe7+ 1-0

[Event "MČR juniorů a juniorek v rapid šachu 2023"]
[Site "Czech Republic"]
[Date "2023.09.23"]
[Round "3.16"]
[White "Merinsky, Vaclav"]
[Black "Stary, Simon"]
[Result "1/2-1/2"]
[TimeControl "20 min + 5 sec per move"]
[WhiteFideId "390062"]
[BlackFideId "23734353"]
[WhiteElo "1869"]
[BlackElo "1518"]

1. e4 c5 2. d4 cxd4 3.
Qxd4 Nc6 4. Qd1 Nf6 5. Nc3 d6 6. Nf3 g6 7. Bc4 Bg7 8.
Be3 O-O 9. Qc1 Ng4 10. Bd2 Nce5 11. Nxe5 Nxe5 12. Bb3 Be6 13. O-O Nc4 14. Bg5 Rc8 15. Bxc4 Bxc4 16. Nd5 Bxd5 17. exd5 Re8 18.
c3 Qa5 19. Qd2 e6 20. dxe6 Rxe6 21. Be3 d5 22. Rfd1 Rd8 23. Bd4 Rde8 24. Bxg7 Kxg7 25. Qd4+ Kg8 26. g3 Re2 27. b4 Qa4 28. Qxd5 Qc2 29. Rf1 b6 30. Qd4 R8e4 31. Qf6 Re6 32.
Qd8+ Kg7 33. Qd4+ Kg8 34. a3 R6e4 35. Qf6 Re6 36. Qd8+ Re8 37. Qc7 R8e7 38. Qb8+ Kg7 39. Qc8 Re8 40. Qd7 R8e7 41. Qd4+ Kg8 42.
Rad1 Qa4 43. Qd8+ Re8 44. Qc7 R2e7 45. Qc4 Qxa3 46. Ra1 Qb2 47. Ra2 b5 48. Qxf7+ Kxf7 49. Rxb2 Rc8 50. Rb3 Rec7 51. Ra3 Ke6 52. Rfa1 Rxc3 53.
Rxa7 Rc1+ 54. Rxc1 Rxc1+ 55. Kg2 Rc4 56. Rxh7 Rxb4 57. Rg7 Kf6 58. Rb7 Rb2 59. h4 b4 60. Kf3 b3 61.
Ke3 Kf5 62. Rb4 Kf6 63. f3 Rg2 64. Rxb3 Rxg3 65. Kf4 Rg1 66. Rb5 Rh1 67. Kg3 Rg1+ 68. Kf2 Rh1 69. Rb4 g5 70. hxg5+ Kxg5 71. f4+ Kf6 72. Kg2 Ra1 73.
Kg3 Rg1+ 74. Kf2 Ra1 75. Kf3 Rf1+ 76. Ke2 Ra1 77. Rb3 1/2-1/2

[Event "MČR juniorů a juniorek v rapid šachu 2023"]
[Site "Czech Republic"]
[Date "2023.09.23"]
[Round "3.17"]
[White "Simunek, Jakub Simon"]
[Black "Mikolas, Petr"]
[Result "1-0"]
[TimeControl "20 min + 5 sec per move"]
[WhiteFideId "23709464"]
[BlackFideId "23713224"]
[WhiteElo "1843"]
[BlackElo "1514"]

1. e4 c5 2. Nf3 d6 3.
Bb5+ Nd7 4. c3 a6 5. Ba4 b5 6. Bc2 Bb7 7. O-O Ngf6 8.
Qe2 e6 9. d4 Be7 10. Rd1 Qc7 11. e5 dxe5 12. dxe5 Bxf3 13. Qxf3 Nd5 14. Be4 Nxe5 15. Qg3 Rd8 16. Bxd5 Rxd5 17.
Rxd5 exd5 18. Qxg7 Ng6 19. Nd2 Kd7 20.
Nf3 Rf8 21. Bd2 Qd6 22. Re1 Qf6 23. Qh6 Bd6 24. Qh3+ Kc7 25. Bg5 Qg7 26. Bh6 Nf4 27. Bxg7 Nxh3+ 28. gxh3 Rg8 29. Kf1 Rxg7 30. Re8 f6 31. Ra8 Kb7 32. Rd8 Kc7 33. Ra8 Kb7 34. Re8 Bf4 35.
Re6 Bc1 36. b3 Bb2 37. Rd6 Bxc3 38.
Rxd5 Kc6 39. Rf5 Rd7 40. Ke2 Rd5 41.
Rf4 Be5 42. Rh4 Rd7 43. Nxe5+ fxe5 44. Rh6+ Kb7 45. Re6 c4 46.
bxc4 bxc4 47. Rxe5 Kb6 48. Re3 Kc5 49. Rc3 Kb4 50. Rc2 a5 51. f4 a4 52. Ke3 Re7+ 53. Kf3 c3 54. f5 Rd7 55. Ke3 Rd5 56. Rf2 Rd7 57.
f6 Rf7 58. Kd3 a3 59. Kc2 Rf8 60. Rf4+ Kc5 61. Kxc3 Kd5 62.
Kb3 Ke5 63. Rf1 Kd5 1-0

[Event "MČR juniorů a juniorek v rapid šachu 2023"]
[Site "Czech Republic"]
[Date "2023.09.23"]
[Round "3.18"]
[White "Havelkova, Beata"]
[Black "Rucabado, Stefan"]
[Result "1-0"]
[TimeControl "20 min + 5 sec per move"]
[WhiteFideId "23709405"]
[BlackFideId "23730315"]
[WhiteElo "1494"]
[BlackElo "1782"]

1. e4 g6 2. d4 Bg7 3. Be3 a6 4. f4 b5 5. Nf3 Bb7 6. Bd3 d6 7. O-O Nf6 8.
Nbd2 Ng4 9. Qe2 Nxe3 10. Qxe3 Nd7 11. f5 O-O 12. Ng5 c5 13. c3 cxd4 14. cxd4 Qb6 15. Ndf3 Ne5 16. Bc2 Rac8 17.
Bb3 Nc4 18. Qf2 h6 19. Nh3 g5 20. Kh1 Bxe4 21. Nfxg5 hxg5 22. Nxg5 Qxd4 23. Qg3 Ne3 24. Rf2 Nxf5 25. Qh3 Nh6 26.
Rxf7 Bxg2+ 27. Kxg2 Qd2+ 28. Rf2+ 1-0

[Event "MČR juniorů a juniorek v rapid šachu 2023"]
[Site "Czech Republic"]
[Date "2023.09.23"]
[Round "3.19"]
[White "Rybackova, Lucie"]
[Black "Boff, Ondrej"]
[Result "0-1"]
[TimeControl "20 min + 5 sec per move"]
[WhiteFideId "23739207"]
[BlackFideId "23733950"]
[WhiteElo "1768"]
[BlackElo "1486"]

1. d4 Nf6 2. Nf3 c5 3. d5 d6 4. Nc3 a6 5. a4 Bf5 6. Bg5 Nbd7 7. Nd2 h6 8. Bh4 g5 9. Bg3 Bg7 10.
e4 Bg6 11. Bd3 Rb8 12. Qe2 Nh5 13. Nf1 Qb6 14. Nd1 Bxb2 15. Rb1 Qa5+ 16. Qd2 Qxd2+ 17. Kxd2 Nxg3 18. hxg3 Bg7 19. f4 Nf6 20. Nf2 c4 21. Bxc4 Nxe4+ 22. Nxe4 Bxe4 23. Ne3 Kd7 24. fxg5 hxg5 25. Rxh8 Bxh8 26. Bxa6 Kc7 27. Bd3 Bxd3 28.
Kxd3 e6 29. Rf1 exd5 30. Rxf7+ Kc6 31. Rf5 Rg8 32. Nxd5 Ra8 33. Nb4+ Kb6 34. Rb5+ Kc7 35. a5 Be5 36. c4 Bxg3 37.
Rxg5 Be5 38. Nd5+ Kc6 39. Nb4+ Kc5 40. Nc2 Rxa5 41. Ne3 Ra3+ 42. Ke2 Kc6 43. Ng4 Rc3 44. Nxe5+ dxe5 45. Rxe5 Rxc4 46.
Re8 Rg4 47. Kf3 Rd4 48. g4 b5 49. g5 Kd7 50. Re5 b4 51. g6 0-1

[Event "MČR juniorů a juniorek v rapid šachu 2023"]
[Site "Czech Republic"]
[Date "2023.09.23"]
[Round "3.20"]
[White "Husa, Daniel"]
[Black "Hruby, Filip"]
[Result "1-0"]
[TimeControl "20 min + 5 sec per move"]
[WhiteFideId "393487"]
[BlackFideId "23721480"]
[WhiteElo "1760"]
[BlackElo "1460"]

1. d4 c6 2. c4 Nf6 3. Nf3 d5 4. cxd5 cxd5 5. Nc3 Nc6 6. Bf4 a6 7. e3 Bf5 8. Qb3 Bc8 9. Ne5 e6 10.
Rc1 Bd6 11. Qa4 Bxe5 12. Bxe5 O-O 13.
Bg3 Nh5 14. Bd3 Nxg3 15. hxg3 g6 16. Rh4 e5 17. dxe5 Nxe5 18. Bb1 Be6 19. Qf4 g5 20. Bxh7+ Kg7 21. Qxe5+ f6 22. Qxe6 gxh4 23.
Bd3 hxg3 24. Qg4+ Kf7 25. Nxd5 gxf2+ 26. Kxf2 Rg8 27. Rc7+ Qxc7 28. Qh5+ 1-0

[Event "MČR juniorů a juniorek v rapid šachu 2023"]
[Site "Czech Republic"]
[Date "2023.09.23"]
[Round "3.21"]
[White "Janouskova, Adela"]
[Black "Rybacek, Martin"]
[Result "0-1"]
[TimeControl "20 min + 5 sec per move"]
[WhiteFideId "23709804"]
[BlackFideId "23739266"]
[WhiteElo "1442"]
[BlackElo "1755"]

1. e4 c6 2. d4 d5 3. e5 c5 4. c3 Nc6 5. Nf3 Bg4 6. Be3 e6 7. Be2 Nge7 8. Na3 Nf5 9. Nc2 Qb6 10.
b3 Be7 11. O-O cxd4 12. cxd4 O-O 13. h3 Nxe3 14. fxe3 Bf5 15. Bd3 Bxd3 16. Qxd3 Rac8 17. Rf2 Rc7 18. Nh2 Nb4 19. Nxb4
Qxb4 20. Raf1 Qc3 21. Qe2 Bg5 22. Rf3 Qc2 23. R3f2 Qxe2 24. Rxe2 Rc3 25. Kf2 Rfc8 26. Rfe1 Kf8 27.
Nf3 Be7 28. Rd2 Bb4 29. Ree2 Rc1 30. Rb2 Ba3 31. Rbd2 Bb4 32. Rb2 Ba3 33. Rbd2 Ke7 34. Ne1 Bb4 35. Rd3 Kd7 36. Nf3 R8c2 37. Ng5 Rxe2+ 38. Kxe2 Rc2+ 39.
Kf3 Ke7 40. Nxh7 Rxa2 41. g4 Be1 42. Ng5 Rf2+ 43. Kg3 Rd2+ 44. Kf4 Rxd3 0-1

[Event "MČR juniorů a juniorek v rapid šachu 2023"]
[Site "Czech Republic"]
[Date "2023.09.23"]
[Round "3.22"]
[White "Mrazek, Adam"]
[Black "Housa, Jan"]
[Result "0-1"]
[TimeControl "20 min + 5 sec per move"]
[WhiteFideId "23725010"]
[BlackFideId "23736356"]
[WhiteElo "1753"]
[BlackElo "1439"]

1. c4 g6 2. g3 Bg7 3. Bg2 Nf6 4. Nf3 c6 5. O-O O-O 6. d4 d5 7. Qc2 Bf5 8. Qb3 Qb6 9. c5 Qxb3 10.
axb3 Na6 11. Bd2 Ne4 12. Ba5 f6 13.
Nh4 Bd7 14. Nd2 Nxd2 15. Bxd2 e5 16. e3 Nc7 17. Rfd1 Nb5 18. Bc1 Be6 19. h3 e4 20. Bf1 g5 21. Ng2 Bxh3 22. Kh2 Bg4 23.
Rd2 h5 24. Ra5 a6 25. Rc2 f5 26. Bd2 Rf7 27. Ra1 Raf8 28. Bxb5 axb5 29. Rcc1 Bh6 30. Ra7 Bf3 31. Rca1 Rg7 32.
Ra8 Bxg2 33. Kxg2 f4 34.
Rxf8+ Kxf8 35. Ra8+ Kf7 36. Ba5 f3+ 37. Kh2 g4 38. Bc7 Kg6 39. Be5 Rf7 40. Rg8+ Bg7 41. Bd6 Kh7 42. Rb8 Bxd4 43. exd4 e3 44.
Be5 0-1

[Event "MČR juniorů a juniorek v rapid šachu 2023"]
[Site "Czech Republic"]
[Date "2023.09.23"]
[Round "3.23"]
[White "Cinkova, Vicky"]
[Black "Strnadova, Monika"]
[Result "1-0"]
[TimeControl "20 min + 5 sec per move"]
[WhiteFideId "23725826"]
[BlackFideId "23701668"]
[WhiteElo "1300"]
[BlackElo "1728"]

1. d4 Nf6 2. c4 g6 3. g3 Bg7 4.
Bg2 O-O 5. Nc3 d6 6. e3 Nbd7 7. Nge2 c5 8.
O-O Rb8 9. Rb1 Nb6 10. b3 Bf5 11. e4 Bg4 12. d5 Qc8 13. Bb2 h5 14. Qd2 Bh3 15. Nf4 Bxg2 16. Nxg2 Kh7 17. Rfe1 Bh6 18. Qc2 Qh3 19. f3 Nbd7 20.
Ne2 Ne5 21. Bxe5 dxe5 22. Kh1 Nd7 23. Ng1 Qxg2+ 24. Kxg2 f5 25. exf5 Rxf5 26. f4 Rbf8 27. Ne2 Nf6 28. Rf1 Ng4 29. Qc3 exf4 30. Nxf4 Bg7 31.
Qd3 Bd4 32. Rbe1 R8f7 33. h3 Nh6 34. Ne6 Rf2+ 35. Rxf2 Rxf2+ 36. Kh1 Nf5 37. Nxd4 cxd4 38. g4 Nh4 39. Rxe7+ Kg8 40. Re1 Rf3 41. Qxd4 Rxh3+ 42. Kg1 Rg3+ 43. Kh2 Rxg4 44. Qb2 Nf3+ 45. Kh3 Nxe1 46. d6 Nd3 47.
Qd2 Nf4+ 48. Kh2 Kg7 49. Qd4+ Kh7 50. Qxa7 Ne6 51. Qxb7+ Kh6 52. d7 Rd4 53. Qb6 Rd2+ 54. Kg1 Rxd7 55. Qxe6 Rd1+ 56. Kf2 Rd2+ 57. Ke3 Rxa2 58. c5 Ra1 59. Kd3 Rd1+ 60. Kc2 Rd8 61. c6 1-0

[Event "MČR juniorů a juniorek v rapid šachu 2023"]
[Site "Czech Republic"]
[Date "2023.09.23"]
[Round "3.24"]
[White "Stastna, Martina"]
[Black "Stara, Zuzana"]
[Result "1-0"]
[TimeControl "20 min + 5 sec per move"]
[WhiteFideId "385123"]
[BlackFideId "23733543"]
[WhiteElo "1725"]
[BlackElo "1377"]

1. e4 c6 2. d4 d5 3. exd5 cxd5 4.
Bd3 g6 5. c3 Nc6 6. Nd2 Nh6 7. Ngf3 Bf5 8. Bb5 Bg7 9. Ne5 Bxe5 10. dxe5 Ng4 11. Nf3 Be4 12. Bf4 Qb6 13. Nd4 Nxf2 14.
Kxf2 a6 15. Bxc6+ bxc6 16. Qb3 Rb8 17. Qxb6 Rxb6 18. b3 c5 19. Nf3 c4 20. b4 a5 21. Be3 Rb5 22. Nd4 Rb7 23. Nc6 axb4 24.
Nxb4 e6 25. a4 Kd7 26. a5 Ra8 27. Bd4 Rb5 28. a6 h5 29. Rhg1 Ke7 30. g4 h4 31. g5 Ke8 32. Rg4 h3 33.
Rh4 Ke7 34. Rxh3 Kd7 35. Rh7 Ke7 36. Ke3 Bf5 37. a7 Bg4 38. Na6 Rb2 39. Nc7 1-0

[Event "MČR juniorů a juniorek v rapid šachu 2023"]
[Site "Czech Republic"]
[Date "2023.09.23"]
[Round "3.26"]
[White "Beran, Jakub"]
[Black "Tegda, Vojtech"]
[Result "1-0"]
[TimeControl "20 min + 5 sec per move"]
[WhiteFideId "23727071"]
[BlackFideId "23723424"]
[WhiteElo "1645"]
[BlackElo "1959"]

1. c4 e5 2. Nc3 Nf6 3. d3 c6 4. Nf3 Qc7 5. Bg5 Be7 6. g3 d5 7. Bxf6 Bxf6 8. cxd5 cxd5 9. Qa4+ Qc6 10.
Qxc6+ bxc6 11. Bg2 Be6 12. O-O O-O 13. Na4 Nd7 14. Rac1 Rfc8 15. b3 Rab8 16. Nc5 Nxc5 17. Rxc5 Be7 18.
Ra5 Bd8 19. Rc5 Bb6 20. Rc2 f6 21. Rfc1 e4 22. dxe4 dxe4 23. Nd2 e3 24. fxe3 Bxe3+ 25. Kh1 Rd8 26. Rd1 Bf5 27. Rb2 Rd6 28. Rf1 Bxd2 29. Rxf5 Bc3 30.
Rc2 Be5 31. Rf1 Rbd8 32. Bxc6 Rd2 33. Rfc1 Rxc2 34. Rxc2 Rd1+ 35. Kg2 Kf7 36. Be4 g6 37. e3 f5 38. Bf3 Rd3 39. Kf2 Ke6 40. Ke2 Rd6 41. b4 Ra6 42. b5 Ra5 43. Bc6 a6 44.
b6 Kd6 45. Bf3 Rb5 46. b7 Kd7 47. Bc6+ 1-0

[Event "MČR juniorů a juniorek v rapid šachu 2023"]
[Site "Czech Republic"]
[Date "2023.09.23"]
[Round "3.27"]
[White "Jun, Robert"]
[Black "Tvaroh, Vitezslav"]
[Result "1-0"]
[TimeControl "20 min + 5 sec per move"]
[WhiteFideId "23709510"]
[BlackFideId "23704209"]
[WhiteElo "1340"]
[BlackElo "1303"]

1. e4 c5 2. Nf3 Nc6 3. c3 d6 4.
d4 cxd4 5. cxd4 Nf6 6. Nc3 Bd7 7.
Bc4 g6 8. O-O Bg7 9. d5 Na5 10. Be2 Rc8 11. Be3 a6 12. Nd2 b5 13. Bd4 O-O 14. f4 e6 15. e5 dxe5 16. fxe5 Nxd5 17.
Nde4 Nc4 18. Bxc4 Rxc4 19. Nxd5 exd5 20. Nf6+ Kh8 21. b3 Rc6 22. Nxd5 Bf5 23. Ne3 Be6 24. Bb2 Qb6 25. Qd4 Qxd4 26.
Bxd4 Rd8 27. Rfd1 Bh6 28. Kf2 Rc7 29. Bb6 Bxe3+ 30. Kxe3 Rc3+ 31. Kf4 g5+ 32. Kxg5 Rg8+ 33. Kf6 Rg6+ 34.
Ke7 h6 35. Rd8+ Kh7 36. g3 Rc2 37. a4 Rxh2 38. axb5 axb5 39. Ra5 Bxb3 40. Rxb5 Be6 41. Bc5 Rxg3 42. Rbb8 Kg6 43. Rg8+ Kf5 44.
Rxg3 h5 45. Rbg8 Kxe5 46. R8g5+ Ke4 47. Re3+ Kf4 48. Bd6+ Kxg5 49. Bxh2 h4 50. Re5+ Kg6 51. Kd6 h3 52. Re3 Kf5 53. Rxh3 Ke4 54. Rh4+ Kd3 55. Ke5 Kc3 56.
Bg1 Kd3 57. Rd4+ Kc3 58. Ra4 Kd3 59. Bc5 Kc3 60. Ra3+ Kd2 61. Ke4 Kc2 62. Kd4 Bc8 63. Rf3 Be6 64. Ba3 f5 65. Rc3+ Kd2 66.
Bc1+ Ke2 67. Re3+ Kd1 68. Ba3 Bd7 69. Kc3 f4 70. Rf3 Bg4 71. Rxf4 Be2 72. Rh4 Ke1 73. Bc5 Kf1 74. Rf4+ Kg2 75.
Rf2+ 1-0

[Event "MČR juniorů a juniorek v rapid šachu 2023"]
[Site "Czech Republic"]
[Date "2023.09.23"]
[Round "3.28"]
[White "Krajicek, Matthew"]
[Black "Dvorak, Jan"]
[Result "0-1"]
[TimeControl "20 min + 5 sec per move"]
[WhiteFideId "23740175"]
[BlackFideId "23730722"]
[WhiteElo "1283"]
[BlackElo "1624"]

1. d4 Nf6 2. Bf4 c6 3. Nf3 Qb6 4. b3 d6 5. c4 Bf5 6. e3 Nbd7 7. Bd3 Bg4 8. Nbd2 g6 9. h3 Bxf3 10.
Qxf3 Bg7 11. O-O O-O 12. Ne4 Nh5 13. Bh2 h6 14. Rab1 f5 15. Nd2 e5 16. dxe5 Nxe5 17. Qe2 Rae8 18.
Nf3 f4 19. Nxe5 Rxe5 20. Bxg6 f3 21.
Qd1 Rg5 22. Bxh5 Rxh5 23. Qxd6 fxg2 24. Rfd1 Qa5 25. Qe6+ Kh8 26. Rb2 Bxb2 27. Qg6 Qf5 28. Qxf5 Rhxf5 29. f4 Re8 30. Rb1 Ba3 31.
Re1 Bc5 32. Kxg2 Rxe3 33. Rf1 Re2+ 34. Kg3 Rxa2 35. Kg4 Rf6 36. Bg3 Rb2 37. f5 Rxb3 38. Be5 Kg7 39. Rd1 Be7 40. Rd7 Kf7 41.
Bxf6 Kxf6 42. Rd4 a5 43. Re4 h5+ 44. Kf4 Bd6+ 0-1

[Event "MČR juniorů a juniorek v rapid šachu 2023"]
[Site "Czech Republic"]
[Date "2023.09.23"]
[Round "3.29"]
[White "Macova, Marketa"]
[Black "Dudkova, Josefina"]
[Result "0-1"]
[TimeControl "20 min + 5 sec per move"]
[WhiteFideId "23715588"]
[BlackFideId "23712350"]
[WhiteElo "1228"]
[BlackElo "1437"]

1. e4 d5 2. exd5 Qxd5 3. Nc3 Qd6 4. Nf3 Bg4 5. Be2 Nf6 6. d4 c6 7. O-O e6 8. Bg5 Be7 9. Qd2 O-O 10.
Nd1 Rd8 11. c3 Ne4 12. Bxe7 Nxd2 13. Bxd6 Rxd6 14. Nxd2 Bxe2 15. Re1 Bd3 16. Ne3 Nd7 17. Rad1 c5 18. Nf3 c4 19. b3 b5 20.
a4 a6 21. axb5 axb5 22. bxc4 bxc4 23. Ra1 Rda6 24. Rxa6 Rxa6 25. Rc1 Ra2 26. Ng4 Nb6 27. Nge5 Nd5 28. Nxd3 cxd3 29. c4 Nf4 30.
c5 Ne2+ 31. Kf1 Nxc1 32. Ke1 Nb3 33. c6 Ra1# 0-1

[Event "MČR juniorů a juniorek v rapid šachu 2023"]
[Site "Czech Republic"]
[Date "2023.09.23"]
[Round "3.31"]
[White "Jun, Rostislav"]
[Black "Hosova, Stella"]
[Result "1-0"]
[TimeControl "20 min + 5 sec per move"]
[WhiteFideId "23719524"]
[BlackFideId "23710489"]
[WhiteElo "1317"]
[BlackElo "1164"]

1. e4 c5 2. Nf3 Nc6 3. d4 cxd4 4. Nxd4 g6 5. Nc3 Nf6 6. Be2 Bg7 7. Nf3 d6 8. O-O O-O 9. Re1 b6 10.
h3 e5 11. Rb1 Bb7 12. Bd3 a5 13. a3 Ne7 14. Bg5 Qd7 15. Bb5 Bc6 16. Bxc6 Nxc6 17. Bxf6 Bxf6 18. Nd5 Bd8 19. b4 a4 20.
b5 Na5 21. Nxe5 Qe6 22. Nc6 Qd7 23. Nxd8 Qxd8 24. Qd4 Rb8 25. Nf6+ Kg7 26. Nd7+ f6 27. Nxb8 Qxb8 28. Rbd1 Rd8 29.
g4 Qc7 30. Re2 Nc4 31. g5 Ne5 32. gxf6+ Kxf6 33. f4 1-0

[Event "MČR juniorů a juniorek v rapid šachu 2023"]
[Site "Czech Republic"]
[Date "2023.09.23"]
[Round "3.32"]
[White "Zadrapova, Gabriela"]
[Black "Glasbergerova, Lucie"]
[Result "0-1"]
[TimeControl "20 min + 5 sec per move"]
[WhiteFideId "23753056"]
[BlackFideId "23725184"]
[WhiteElo "1206"]
[BlackElo "1314"]

1. e4 e5 2. Nf3 Nc6 3. Nc3 Nf6 4. Bb5 d6 5. d3 Bd7 6. O-O Be7 7. Be3 O-O 8. Nh4 Ng4 9. h3 Nxe3 10.
fxe3 Bxh4 11. d4 Qg5 12.
Rf3 Rad8 13. Bc4 a6 14. Qf1 Qg6 15. dxe5 Nxe5 16. Rf4 Bg5 17. Rf2 Nxc4 18. Qxc4 Bxe3 19. Nd5 Bxf2+ 20. Kxf2 Qe6 21. Kg1 c6 22. Ne3 Qxc4 23. Nxc4 Be6 24. b3 Bxc4 25.
bxc4 Rfe8 26. Re1 d5 27. cxd5 cxd5 28. Rb1 b5 29. Re1 dxe4 30. Re3 Rd2 31. Rc3 e3 32. Kf1 e2+ 33. Ke1 Rd1+ 34. Kf2 e1=Q+ 35. Kf3 Qxc3+ 36. Kg4 Rd4+ 37. Kh5 Re5# 0-1

[Event "MČR juniorů a juniorek v rapid šachu 2023"]
[Site "Czech Republic"]
[Date "2023.09.23"]
[Round "3.33"]
[White "Halama, Tomas"]
[Black "Martinkovicova, Nela"]
[Result "1-0"]
[TimeControl "20 min + 5 sec per move"]
[WhiteFideId "397970"]
[BlackFideId "23715596"]
[WhiteElo "1306"]
[BlackElo "1049"]

1. c4 c5 2. Nc3 g6 3.
e3 Bg7 4. Nge2 Nc6 5. g3 d6 6. Bg2 Nf6 7. O-O O-O 8. b3 Be6 9. Bb2 Qd7 10. d4 a6 11. d5 Bh3 12. dxc6 bxc6 13.
Nf4 Bxg2 14. Kxg2 Rad8 15. Qe2 d5 16. cxd5 cxd5 17. Rfd1 e6 18. Na4 Qc6 19. Rac1 d4+ 20. Qf3 Qxf3+ 21. Kxf3 dxe3 22. fxe3 Rc8 23. Rxc5 Rxc5 24. Nxc5 Ne8 25. Bxg7 Kxg7 26. Rd7 Nf6 27. Nfxe6+ Kg8 28. Nxf8 Nxd7 29.
Nfxd7 f5 30. Nxa6 Kf7 31. b4 Ke7 32. Nac5 Kd6 33. b5 Kc7 34. b6+ Kd6 35. b7 Ke7 36. b8=Q Kf7 37. Qf8# 1-0

[Event "MČR juniorů a juniorek v rapid šachu 2023"]
[Site "Czech Republic"]
[Date "2023.09.23"]
[Round "4.1"]
[White "Prazak, Daniel"]
[Black "Dolensky, Filip"]
[Result "1/2-1/2"]
[TimeControl "20 min + 5 sec per move"]
[WhiteFideId "23709456"]
[BlackFideId "399000"]
[WhiteElo "2029"]
[BlackElo "1942"]

1. d4 Nf6 2. c4 c5 3. d5 b5 4. cxb5 e6 5. Nc3 exd5 6. Nxd5 Bb7 7. Nxf6+ Qxf6 8. Nf3 d5 9. e3 Bd6 10. Be2 O-O 11. O-O Nd7 12. Qc2 h6 13. Qc3 Qe6 14.
b3 d4 15. Qc2 Be4 16. Qd2 d3 17. Bxd3 Bxf3 18. gxf3 Ne5 19. Be2 Rad8 20. f4 Ng4 21. Qc2 Rfe8 22. Bb2 Bxf4 23. exf4 Qxe2 24.
Qxe2 Rxe2 25. Ba3 Rd5 1/2-1/2

[Event "MČR juniorů a juniorek v rapid šachu 2023"]
[Site "Czech Republic"]
[Date "2023.09.23"]
[Round "4.2"]
[White "Steinbauer, Sebastian"]
[Black "Jun, Rudolf"]
[Result "1/2-1/2"]
[TimeControl "20 min + 5 sec per move"]
[WhiteFideId "399272"]
[BlackFideId "376612"]
[WhiteElo "1880"]
[BlackElo "2151"]

1. e4 c5 2. Nf3 Nc6 3. d4 cxd4
4. Nxd4 Nf6 5. Nc3 e5 6. Nf5 d5 7. Nxd5 Nxd5 8. Qxd5 Qxd5 9. exd5 Bxf5 10. dxc6 bxc6 11. c3 Bc5 12. Bc4 Rd8 13. O-O Bd3 14. Bxd3 Rxd3 15. Re1 f6 16. Kf1 Kf7 17. Be3 Bxe3 18. Rxe3 Rd2 19.
Re2 Rhd8 20. Rae1 R2d7 21. f3 h5 22. Kf2 Rb8 23. Rc1 Rd5 24. Rcc2 Rbd8 25. Re1 g5 26. h3 h4 27. Rce2 Ke6 28. Re4 Kf5 29. Ra4 R8d7 30. Rc4 c5 31. Rce4 Rd2+ 32. R4e2 Kf4 33. Rxd2 Rxd2+ 34. Re2 Rxe2+ 35. Kxe2 e4 36. fxe4 Kxe4 37. a3 Kd5 38. b3 f5 39. Kf3 Kc6 40. g4 hxg3 41. Kxg3 Kd5 42. Kf3 a6 43. Ke3 a5 44. Kf3 Ke5 45.
b4 axb4 46. axb4 cxb4 47. cxb4 Kd5 48. Kg3 f4+ 49. Kg4 Kc4 50.
h4 f3 51. Kxf3 gxh4 52. Kg4 Kxb4 53. Kxh4 1/2-1/2

[Event "MČR juniorů a juniorek v rapid šachu 2023"]
[Site "Czech Republic"]
[Date "2023.09.23"]
[Round "4.3"]
[White "Zadrapova, Amalie"]
[Black "Ocelak, Jakub"]
[Result "0-1"]
[TimeControl "20 min + 5 sec per move"]
[WhiteFideId "23710276"]
[BlackFideId "23707933"]
[WhiteElo "1590"]
[BlackElo "2025"]

1. e4 g6 2. d4 Bg7 3. Nf3 d6 4. Nc3 a6 5. Be2 b5 6. O-O Bb7 7. a3 Nd7 8. h3 c5 9. dxc5 Nxc5 10.
Bd3 Nf6 11. Re1 O-O 12. Bf4 Rc8 13. Qe2 Nxd3 14. cxd3 Qd7 15. d4 Rc4 16. Rad1 Rfc8 17. e5 Nd5 18. Bd2 Nxc3 19. Bxc3 Bd5 20.
Ng5 Qf5 21. Ne4 Qxe4 22. Qxe4 Bxe4 23. Rxe4 dxe5 24. Rxe5 Bxe5 25.
dxe5 R4c7 26. Kf1 Kf8 27. Ke2 Ke8 28. Rd4 Rd7 29. Rh4 h5 30. g4 Rc4 31. Ke3 Rd1 32. f4 hxg4 33. hxg4 Rf1 34. g5 Kd7 35. Rg4 Ke6 36. Rh4 Kd5 37.
Bd2 Re4+ 38. Kd3 Rf3+ 39. Kc2 Rc4+ 40. Kd1 Rf1+ 41. Ke2 Rg1 42. Rh7 Ke4 43. Rxf7 Rg2+ 44. Ke1 Rc2 45. Bc3 Rc1# 0-1

[Event "MČR juniorů a juniorek v rapid šachu 2023"]
[Site "Czech Republic"]
[Date "2023.09.23"]
[Round "4.4"]
[White "Hlavina, Matous"]
[Black "Svacina, Tobias"]
[Result "1-0"]
[TimeControl "20 min + 5 sec per move"]
[WhiteFideId "386650"]
[BlackFideId "385859"]
[WhiteElo "2005"]
[BlackElo "1782"]

1. b3 d5 2. Bb2 e6 3. e3 c5 4. f4 Nc6 5. Bb5 Qc7 6. Nf3 Nf6 7. O-O Be7 8. Qe1 O-O 9. Bxc6 Qxc6 10.
Ne5 Qd6 11. d3 b6 12. Nd2 Bb7 13. a4 Nd7 14. Qg3 f6 15. Nef3 Rfe8 16. Rae1 Bf8 17. Qh3 e5 18. fxe5 Nxe5 19.
Nxe5 fxe5 20. e4 d4 21. Bc1 a6 22. Nf3 b5 23. Ng5 Qg6 24. a5 c4 25. bxc4 bxc4 26. Bd2 cxd3 27. Qxd3 Rac8 28. Qb3+ 1-0

[Event "MČR juniorů a juniorek v rapid šachu 2023"]
[Site "Czech Republic"]
[Date "2023.09.23"]
[Round "4.5"]
[White "Cibulka, Josef"]
[Black "Garabik, Marek"]
[Result "1-0"]
[TimeControl "20 min + 5 sec per move"]
[WhiteFideId "23708042"]
[BlackFideId "23717742"]
[WhiteElo "1922"]
[BlackElo "1787"]

1. e4 e6 2. d3 d5 3. Nd2 Nf6 4. Ngf3 Nc6 5. g3 dxe4 6. dxe4 Bd6 7. Bg2 e5 8. O-O O-O 9. c3 Bg4 10. Qc2 Qe7 11. Nc4 Rad8 12. Be3 Be6 13. Nxd6 cxd6 14. Rfd1 d5 15.
exd5 Bxd5 16. c4 Be4 17. Qc3 Bg6 18. Nh4 Ne4 19. Nxg6 Nxc3 20. Nxe7+ Nxe7 21. bxc3 Rc8 22. c5 Nc6 23. Rd7 Rfd8 24. Rad1 Nb8 25. Rxd8+ Rxd8 26. Rxd8# 1-0

[Event "MČR juniorů a juniorek v rapid šachu 2023"]
[Site "Czech Republic"]
[Date "2023.09.23"]
[Round "4.6"]
[White "Martinkovic, Adam"]
[Black "Novotny, Dominik"]
[Result "1-0"]
[TimeControl "20 min + 5 sec per move"]
[WhiteFideId "23728019"]
[BlackFideId "23755601"]
[WhiteElo "1807"]
[BlackElo "1707"]

1. c4 Nf6 2. Nc3 c5 3. g3 Nc6 4. Bg2 e6 5. e3 d5 6. cxd5 exd5 7. d4 Be6 8. Nge2 Qd7 9. O-O Be7 10. dxc5 Bxc5 11. Nd4 Nxd4 12.
exd4 Be7 13. Bf4 O-O 14. Qb3 Bd6 15. Bxd6 Qxd6 16. Rac1 a6 17. Na4 b5 18. Nc5 Rfc8 19. Qd3 Nd7 20.
Nxd7 Qxd7 21. Rc5 Rxc5 22. dxc5 Rc8 23. b4 d4 24. Rd1 Bxa2 25. Qxd4 Qxd4 26. Rxd4 a5 27. bxa5 Kf8 28. c6 Be6 29. Rb4 Bc4 30. a6 Ke7 31. a7 Kd6 1-0

[Event "MČR juniorů a juniorek v rapid šachu 2023"]
[Site "Czech Republic"]
[Date "2023.09.23"]
[Round "4.7"]
[White "Husa, Daniel"]
[Black "Nagy, Ladislav"]
[Result "1/2-1/2"]
[TimeControl "20 min + 5 sec per move"]
[WhiteFideId "393487"]
[BlackFideId "374300"]
[WhiteElo "1760"]
[BlackElo "2089"]

1. d4 Nf6 2. c4 e6 3. g3 d5 4. Nf3 dxc4 5. Bg2 Nc6 6. Qa4 Bb4+ 7. Bd2 Nd5 8. Qc2 b5 9. a4 Bxd2+ 10. Nbxd2 Ncb4 11. Qc1 c6 12. O-O O-O 13. b3 c3 14. Ne4 c2 15. Qd2 bxa4 16. Rxa4 Qb6 17. Rc1 a5 18. Nc5 Rd8 19. Ne1 Nc7 20. Nxc2 Nca6 21.
Nxb4 Nxb4 22. Qc3 Ba6 23. Nxa6 Rxa6 24. e3 g6 25. Qc5 Qxc5 26. Rxc5 Rda8 27. Bf1 R6a7 28. Bg2 Ra6 1/2-1/2